 Dungeon Crawl Stone Soup version 0.28-a0-1356-g2ad6d04315 (webtiles) character file.

Game seed: 16180944400147932884

661 frimble the Slasher (level 7, -1/50 HPs)
             Began as a Demonspawn Warper on Dec 31, 2021.
             Slain by a white imp (3 damage)
             ... on level 5 of the Dungeon.
             The game lasted 00:07:13 (6452 turns).

frimble the Slasher (Demonspawn Warper)             Turns: 6452, Time: 00:07:14

Health: -1/50      AC:  7    Str: 11    XL:     7   Next: 30%
Magic:  10/10      EV: 12    Int: 16    God:
Gold:   215        SH:  5    Dex: 19    Spells: 8/10 levels left

rFire   . . .      SeeInvis .   a - +0 falchion
rCold   . . .      Faith    .   (no shield)
rNeg    . . .      Spirit   .   b - +0 leather armour
rPois   .          Reflect  +   (no helmet)
rElec   .          Harm     .   f - +0 cloak
rCorr   .          Rampage  .   e - +1 pair of gloves
Will    .....                   m - +0 pair of boots
Stlth   ++........              l - amulet of reflection
HPRegen 0.16/turn               q - +6 ring of dexterity
MPRegen 0.12/turn               (no ring)

@: no status effects
A: foul stench 2
a: no special abilities


You were on level 5 of the Dungeon.
You visited 1 branch of the dungeon, and saw 5 of its levels.

You collected 215 gold pieces.

Inventory:

Hand Weapons
 a - a +0 falchion (weapon)
Missiles
 g - 15 poisoned darts
 t - 6 boomerangs (quivered)
Armour
 b - a +0 leather armour (worn)
 e - a +1 pair of gloves (worn)
 f - a +0 cloak (worn)
 m - a +0 pair of boots (worn)
 p - a +0 buckler
Jewellery
 l - an amulet of reflection (around neck)
 q - a +6 ring of dexterity (left hand)
Scrolls
 c - 2 scrolls of blinking
 d - a scroll of amnesia
 j - a scroll of identify
 k - a scroll of fog {unknown}
 n - a scroll of fear
 o - 2 scrolls of teleportation
Potions
 h - a potion of resistance
 i - a potion of mutation
 s - 2 potions of invisibility


   Skills:
 - Level 2.0 Fighting
 + Level 4.7 Long Blades
 - Level 3.3 Throwing
 - Level 0.8 Armour
 - Level 2.5 Dodging
 - Level 3.3 Stealth
 + Level 1.6 Shields
 - Level 2.0 Spellcasting
 - Level 3.1 Translocations


You had 8 spell levels left.
You knew the following spells:

 Your Spells              Type           Power      Damage    Failure   Level
a - Blink                 Tloc           22%        N/A       11%         2

Your spell library contained the following spells:

 Spells                   Type           Power      Damage    Failure   Level
 Gell's Gravitas          Tloc           11%        N/A       22%         3
 Lesser Beckoning         Tloc           11%        N/A       22%         3
 Teleport Other           Tloc           11%        N/A       22%         3
 Magic Dart               Conj           4%         1d3       26%         1
 Searing Ray              Conj           2%         2d4       38%         2
 Manifold Assault         Tloc           11%        N/A       90%         5
 Fulminant Prism          Conj/Hex       0%         3d6       95%         4


Dungeon Overview and Level Annotations

Branches:
Dungeon (5/15)             Temple (0/1) D:4

Altars:

Shops:
D:4 ?


Innate Abilities, Weirdness & Mutations

You sometimes emit foul miasma when damaged in melee.


Message History

The white imp gestures at you. The puff of frost hits you.
* * * LOW HITPOINT WARNING * * *
You hit the white imp but do no damage.
The white imp is almost dead.
The white imp shouts, "Escape, thou plume-plucked dread-bolted nert!"
The white imp hits you.
* * * LOW HITPOINT WARNING * * *
The white imp freezes you.
* * * LOW HITPOINT WARNING * * *
You closely miss the white imp.
The white imp is almost dead.
The white imp barely misses you.
Okay, then.
Unknown command.
You aren't carrying any items that you can evoke.
Unknown command.
Unknown command.
You closely miss the white imp.
The white imp is almost dead.
The white imp barely misses you.
You hit the white imp but do no damage.
The white imp is almost dead.
The white imp hits you.
* * * LOW HITPOINT WARNING * * *
The white imp freezes you.
* * * LOW HITPOINT WARNING * * *
You barely miss the white imp.
The white imp is almost dead.
The white imp closely misses you.
You barely miss the white imp.
The white imp is almost dead.
The white imp hits you but does no damage.
You barely miss the white imp.
The white imp is almost dead.
The white imp grins evilly.
The white imp hits you.
* * * LOW HITPOINT WARNING * * *
The white imp freezes you.
You die...

###+# #...## #....# ..
#5...# ... #.@..#
....####'##
..........##+#######
...................####
...................#...
...................#...
####...............#...
#...............####
###############)....


You could see a white imp.

Vanquished Creatures
  An ogre (D:4)
  A phantom (D:4)
  A hound (D:5)
  A jelly (D:3)
  3 orc priests
  An iguana (D:4)
  6 orc wizards
  A killer bee zombie (D:3)
  5 adders
  A gnoll (D:1)
  A dart slug (D:4)
  16 orcs
  7 ball pythons
  5 bats
  9 endoplasms
  3 giant cockroaches
  7 goblins
  4 hobgoblins
  6 jackals
  9 kobolds
  2 quokkas
  6 frilled lizards
  4 rats
100 creatures vanquished.

Notes
Turn   | Place    | Note
-------+----------+-------------------------------------------
     0 | D:1      | frimble the Demonspawn Warper began the quest for the Orb.
     0 | D:1      | Reached XP level 1. HP: 16/16 MP: 3/3
   465 | D:1      | Reached skill level 2 in Long Blades
   644 | D:1      | Gained mutation: You may rarely emit foul miasma when
                  | damaged in melee. [demonic ancestry]
   644 | D:1      | Reached XP level 2. HP: 22/22 MP: 5/5
  1553 | D:2      | Reached skill level 1 in Throwing
  1553 | D:2      | Reached XP level 3. HP: 27/27 MP: 6/6
  1556 | D:2      | Learned a level 2 spell: Blink
  1590 | D:2      | Found a faded altar of an unknown god.
  2013 | D:2      | Reached skill level 1 in Stealth
  2086 | D:2      | Reached XP level 4. HP: 32/33 MP: 7/7
  2418 | D:3      | Reached skill level 3 in Long Blades
  3075 | D:3      | Reached XP level 5. HP: 11/38 MP: 8/8
  3963 | D:4      | Noticed an ogre
  3997 | D:4      | Killed an ogre
  3998 | D:4      | Reached XP level 6. HP: 23/44 MP: 3/9
  4313 | D:4      | Identified the +1 robe "Forget-Me-Not" {Harm}
  4848 | D:4      | Reached skill level 4 in Long Blades
  5042 | D:4      | Found a staircase to the Ecumenical Temple.
  5261 | D:4      | Found Suxzuav's Magic Scroll Shoppe.
  5462 | D:5      | Entered Level 5 of the Dungeon
  5581 | D:5      | Gained mutation: You sometimes emit foul miasma when
                  | damaged in melee. [demonic ancestry]
  5581 | D:5      | Reached XP level 7. HP: 17/50 MP: 10/10
  5947 | D:5      | Reached skill level 1 in Shields
  6452 | D:5      | HP: 2/50 [white imp (2)]
  6452 | D:5      | Slain by a white imp

Illustrated notes

Levels and vault maps discovered:
D:1:      nicolae_arrival_memento_mori, layout_loops_ring,
          serial_co_window_serial, co_window_paths_a, co_window_paths_b,
          co_window_cross_1, co_window_paths_b, co_window_paths_a,
          co_window_of_opportunity_b, co_window_of_opportunity_b,
          co_window_2corner, co_window_unsneaky_path_a, co_window_broadway_a,
          co_window_corner_b, co_window_unsneaky_path_c, co_window_4corner_b,
          glass_columns_a, glass_columns_a, glass_columns_b, glass_columns_b,
          glass_columns_a, grunt_decor_cap
D:2:      layout_loops_ring, dreamdust_ecumenical_altar_angels_and_demons
D:3:      cheibrodos_helix_gallery, layout_basic
D:4:      layout_rooms, minmay_temple_entry_glassed_door, serial_shops,
          nicolae_shop_advertising_works [nicolae_subvault_shop_adworks],
          corexii_checkpoint_a, minmay_misc_feat_plants, st_stairs_5,
          dk_noncrumbling_3, minmay_misc_feat_four_crosses
D:5:      layout_gridville, st_stairs_9, grunt_decor_one_mirror,
          kennysheep_generic_room_11

Skill      XL: |  1  2  3  4  5  6  7 |
---------------+----------------------+-----
Long Blades    | 2 3 4 |  4.7
Dodging        | 2 |  2.5
Throwing       | 1 2 3 |  3.3
Stealth        | 1 2 3 |  3.3
Translocations | 3 |  3.1
Shields        | 1 |  1.6
Fighting       | |  2.0
Armour         | |  0.8
Spellcasting   | |  2.0

Action                   |  1- 3 |  4- 6 |  7- 9 || total
-------------------------+-------+-------+-------++-------
Melee: Falchion          |    88 |   240 |    58 ||   386
Throw: Dart              |     1 |    34 |       ||    35
       Boomerang         |       |    12 |     3 ||    15
 Cast: Blink             |       |     7 |       ||     7
  Use: Scroll            |     2 |     8 |       ||    10
       Potion            |       |     2 |     1 ||     3
 Stab: Sleeping          |       |     4 |     1 ||     5
Armor: Leather armour    |    37 |   103 |    22 ||   162
Dodge: Dodged            |    58 |   156 |    27 ||   241
Block: Other             |       |    50 |     7 ||    57

Table legend: (Time is in decaauts)
 A = Elapsed time spent in this place.
 B = Non-inter-level travel time spent in this place.
 C = Inter-level travel time spent in this place.
 D = Time resting spent in this place.
 E = Time spent auto-exploring this place.
 F = Levels seen in this place.
 G = Mean time per level.
                   A        B        C        D        E       F      G
               +--------+--------+--------+--------+--------+-----+--------+
         Total |   6485 |   6098 |    387 |    466 |   4590 |   5 | 1297.0 |
       Dungeon |   6485 |   6098 |    387 |    466 |   4590 |   5 | 1297.0 |
               +--------+--------+--------+--------+--------+-----+--------+

Top non-repeatable levels by time:
     D:3: 2014 daAuts
     D:1: 1547 daAuts
     D:4: 1120 daAuts
     D:5: 977 daAuts
     D:2: 826 daAuts
